 Dungeon Crawl Stone Soup version 0.14-a0-1388-g200237c (webtiles) character file.

1426 July the Jinx (level 8, -2/36 HPs)
             Began as a Spriggan Enchanter on Dec 9, 2013.
             Shot with an arrow by an orc (4 damage)
             ... on Level 5 of the Dungeon.
             The game lasted 00:46:35 (7696 turns).

July the Jinx (Spriggan Enchanter)                  Turns: 7696, Time: 00:46:35

HP  -2/36        AC 10     Str  6      XL: 8   Next: 22%
MP  23/24        EV 18     Int 17      God:
Gold 214         SH  0     Dex 16      Spells:  2 memorised, 15 levels left

rFire  + . .     SeeInvis +     v - +2,+0 elf dagger
rCold  . . .     Clarity  +     b - +1 robe
rNeg   + . .     Conserve .     (shield restricted)
rPois  .         rCorr    .     (helmet restricted)
rElec  .         rRot     .     w - +2 elf cloak
SustAb . .       Spirit   .     (gloves unavailable)
rMut   .         Warding  +     (boots unavailable)
Saprov . . .     Stasis   .     n - amulet of warding {unknown}
                                C - ring of protection from magic {unknown}
                                z - ring of protection from fire

@: very quick, very resistant to hostile enchantments, very stealthy
A: unfitting armour, iridescent scales 1, see invisible, clarity, herbivore 3,
speed 3, slow metabolism 2
a: no special abilities


You were on level 5 of the Dungeon.
You were not hungry.

You visited 1 branch of the dungeon, and saw 6 of its levels.
You also visited: Sewer.

You collected 214 gold pieces.

Inventory:

Hand weapons
 j - a cursed -3,-1 short sword
 t - a +1,+1 elven short sword
 v - a +2,+0 elven dagger (weapon)
 y - a +1,+1 dagger of venom
 E - a +0,+1 dagger of speed
 F - a +0,+1 dagger of electrocution
Missiles
 d - 22 darts (quivered)
Armour
 b - a +1 robe (worn)
 p - a +0 orcish robe
 w - a +2 elven cloak (worn)
 D - a +0 orcish robe
 I - a +0 orcish robe
 P - a +0 orcish robe
Magical devices
 f - a wand of random effects (5)
 B - a wand of disintegration (8)
Comestibles
 a - an orange
 l - a cheese
 o - 2 bread rations
 A - an apple
 R - a choko
Scrolls
 g - a scroll of teleportation
 h - a scroll of identify
 m - 3 scrolls of magic mapping
 r - 2 scrolls of fog {unknown}
 U - 2 scrolls of blinking
Jewellery
 n - an amulet of warding (around neck) {unknown}
 z - a ring of protection from fire (left hand)
 C - a ring of protection from magic (right hand) {unknown}
Potions
 e - a potion of porridge
 k - 6 potions of heal wounds
 q - a potion of invisibility
 s - 5 potions of curing
 u - a potion of lignification {unknown}
 x - a potion of cure mutation {unknown}
 J - 2 potions of brilliance {unknown}
 K - 3 potions of agility {unknown}
 N - 3 potions of flight {unknown}
Books
 c - a book of Maledictions

   Spells                             Type                      Level
   *Corona                            Hexes                        1
   Sure Blade                         Hexes/Charms                 2
   *Ensorcelled Hibernation           Hexes/Ice                    2
   Confuse                            Hexes                        3
   Enslavement                        Hexes                        4
   Invisibility                       Hexes                        6
 O - a book of Envenomations

   Spells                             Type                      Level
   Spider Form                        Transmutation/Poison         3
   Poison Weapon                      Charms/Poison                3
   Summon Scorpions                   Summoning/Poison             4
   Olgreb's Toxic Radiance            Poison                       4
   Poisonous Cloud                    Conjuration/Poison/Air       6
Magical staves
 T - an uncursed staff of wizardry


   Skills:
 - Level 5.1 Short Blades
 - Level 1.1 Throwing
 - Level 3.0 Dodging
 * Level 6.9 Stealth
 - Level 5.6 Spellcasting
 - Level 8.5 Hexes


You had 15 spell levels left.
You knew the following spells:

 Your Spells              Type           Power        Failure   Level  Hunger
m - Corona                Hex            ####...      1%          1    None
s - Ensorcelled Hibernat  Hex/Ice        ###...       3%          2    None


Dungeon Overview and Level Annotations

Branches:
Dungeon (6/16)
 Temple: D:4-7

Altars:
Elyvilon

Annotations:
D:6 Pikel


Innate Abilities, Weirdness & Mutations

You are tiny and cannot use many weapons and most armour.
You have supernaturally acute eyesight.
You are a herbivore.
You cover ground extremely quickly.
You need consume almost no food.
You are partially covered in iridescent scales (AC +4).
You possess an exceptional clarity of mind.


Message History

The ogre looks drowsy...
The rat misses you.
The helpless ogre fails to defend itself.
You dice the ogre like an onion!!!
You kill the ogre!
The rat misses you.
A slave comes into view.
The slave hits you.
* * * LOW HITPOINT WARNING * * *
Pikel comes into view.
He is wielding a runed whip.
The slave closely misses you.
The slave shouts!
A slave comes into view.
You see here an orcish club.
There is a stone staircase leading down here.
There is a stone staircase leading up here.
You climb upwards.
The orc shouts!
The orc shoots an arrow.
The arrow misses you.
The orc shoots an arrow.
The arrow hits you!
You die...

#......# # #......####
# #.........# #
####......#
#......#####
###...........
#.............
#####o............
#@................
#%###...##........ #.#
#...##........ #.#
#...##......%. #.#
#...##........ #.#
#...##........ #.#
#...##........
#####.###...##########
#...........########


You could see an orc.

Vanquished Creatures
  A phantom (D:5)
  An ogre (D:6)
  Sigmund (D:5)
  A centaur (D:5)
  A big kobold (Sewer)
  Blork the orc (D:4)
  A giant frog (D:4)
  A killer bee (D:4)
  A crimson imp (D:5)
  2 hounds
  An iguana (D:5)
  A giant frog skeleton (D:3)
  4 orc wizards
  A worker ant (D:5)
  Ijyb (D:2)
  A hound zombie (D:5)
  Terence (D:2)
  8 adders
  An inept feature mimic (D:4)
  A giant mite (D:4)
  5 green rats
  3 worms
  An adder skeleton (D:4)
  20 grey rats
  4 oozes
  A giant gecko (D:5)
  6 orcs
  12 bats
  4 giant cockroaches
  12 goblins
  13 hobgoblins
  4 jackals
  33 kobolds
  A quokka (D:5)
  6 ball pythons
  11 giant newts
  15 rats
182 creatures vanquished.

Notes
Turn   | Place    | Note
--------------------------------------------------------------
     0 | D:1      | July, the Spriggan Enchanter, began the quest for the Orb.
     0 | D:1      | Reached XP level 1. HP: 9/9 MP: 4/4
   303 | D:1      | Reached skill level 4 in Stealth
   321 | D:1      | Reached XP level 2. HP: 10/13 MP: 7/7
   784 | D:1      | Reached skill level 5 in Stealth
  1079 | D:1      | Learned a level 2 spell: Ensorcelled Hibernation
  1391 | D:2      | Reached XP level 3. HP: 7/16 MP: 11/11
  1445 | D:2      | Noticed Ijyb
  2823 | D:3      | Reached XP level 4. HP: 14/21 MP: 15/15
  3149 | D:3      | Reached skill level 5 in Spellcasting
  3786 | D:4      | Noticed Blork the orc
  3806 | D:5      | Entered Level 5 of the Dungeon
  3808 | D:5      | Noticed Sigmund
  3811 | D:5      | Reached XP level 5. HP: 24/24 MP: 20/20
  3830 | D:5      | Gained mutation: You possess an exceptional clarity of mind. [potion of mutation]
  3830 | D:5      | Gained mutation: You are partially covered in iridescent scales (AC +4). [potion of mutation]
  3841 | D:5      | Killed Sigmund
  4206 | D:5      | Noticed a centaur
  4211 | D:5      | Killed a centaur
  4211 | D:5      | Reached XP level 6. HP: 21/28 MP: 17/21
  4320 | D:5      | Reached skill level 5 in Short Blades
  4414 | D:5      | Found a glowing drain.
  4487 | Sewer    | Entered a sewer
  4882 | Sewer    | Reached skill level 5 in Hexes
  5012 | Sewer    | Reached XP level 7. HP: 32/32 MP: 23/23
  5560 | D:5      | Reached skill level 6 in Hexes
  6169 | D:4      | Killed Blork the orc
  6169 | D:4      | Reached skill level 7 in Hexes
  6346 | D:4      | Found a white marble altar of Elyvilon.
  6500 | D:4      | Noticed a giant frog
  6505 | D:4      | Killed a giant frog
  6505 | D:4      | Reached skill level 8 in Hexes
  6688 | D:2      | Noticed Terence
  6697 | D:2      | Killed Terence
  6697 | D:2      | Reached XP level 8. HP: 36/36 MP: 14/24
  6859 | D:2      | Killed Ijyb
  7677 | D:6      | HP: 1/36 [slave[Pikel] (5)]
  7678 | D:6      | Noticed Pikel
  7696 | D:5      | Shot with an arrow by an orc

Action                   |  1- 3 |  4- 6 |  7- 9 || total
-------------------------+-------+-------+-------++-------
Melee: Dagger            |   242 |   215 |   177 ||   634
Throw: Dart              |     6 |       |       ||     6
 Cast: Ensorcelled Hiber |       |    45 |    63 ||   108
Evoke: Wand              |     1 |       |     1 ||     2
  Use: Scroll            |       |     5 |     6 ||    11
       Potion            |       |     5 |     3 ||     8
 Stab: Sleeping          |     7 |    43 |    50 ||   100
       Distracted        |       |     1 |     1 ||     2
       Invisible         |       |     1 |       ||     1
